 Dungeon Crawl Stone Soup version 0.21.1-1-g345015f (webtiles) character file.

640 Fang the Chopper (level 7, 0/44 HPs)
             Began as a Gargoyle Berserker on May 11, 2018.
             Was a Priest of Trog.
             Slain by a hound (4 damage)
             ... on level 5 of the Dungeon.
             The game lasted 00:06:17 (3548 turns).

Fang the Chopper (Gargoyle Berserker)               Turns: 3548, Time: 00:06:17

Health: 0/44       AC:  7    Str: 23    XL:     7   Next: 51%
Magic:  7/7        EV: 13    Int:  7    God:    Trog [***...]
Gold:   216        SH:  0    Dex:  9    Spells: 6/6 levels left

rFire    . . .     SeeInvis .   a - +0 hand axe
rCold    . . .     Gourm    .   (no shield)
rNeg     + . .     Faith    .   b - +0 animal skin
rPois    ∞         Spirit   .   (no helmet)
rElec    +         Reflect  .   i - scarf {cloud immunity}
rCorr    .         Harm     .   (no gloves)
MR       .....                  (no boots)
Stlth    ++........             (no amulet)
HPRegen  0.14/turn              (no ring)
MPRegen  0.10/turn              (no ring)

@: berserk cooldown, slowed, very slow
A: negative energy resistance 1, electricity resistance, unbreathing,
petrification resistance, rot immunity, AC +4
a: Berserk, Trog's Hand, Burn Spellbooks, Renounce Religion


You were on level 5 of the Dungeon.
You worshipped Trog.
Trog was most pleased with you.
You were not hungry.

You visited 1 branch of the dungeon, and saw 5 of its levels.

You collected 216 gold pieces.

Inventory:

Hand Weapons
 a - a +0 hand axe (weapon)
Armour
 b - a +0 animal skin (worn)
 i - a scarf of cloud immunity (worn)
Wands
 p - a wand of digging (14)
 v - a wand of iceblast (6)
Scrolls
 e - 5 scrolls of identify {unknown}
 f - a scroll of blinking {unknown}
 g - 6 scrolls of remove curse {unknown}
 h - 2 scrolls of magic mapping {unknown}
 j - 2 scrolls of fog {unknown}
 m - a scroll of enchant armour {unknown}
 s - a scroll of teleportation {unknown}
Potions
 d - 2 potions of magic {unknown}
 k - 2 potions of haste {unknown}
 l - a potion of lignification {unknown}
 n - a potion of mutation {unknown}
 o - a potion of heal wounds {unknown}
 q - a potion of flight {unknown}
 t - 2 potions of curing {unknown}
 u - a potion of brilliance {unknown}
Books
 r - a book of Changes

   Spells                             Type                      Level
   a - Beastly Appendage              Transmutation                1
   b - Sticks to Snakes               Transmutation                2
   c - Spider Form                    Transmutation/Poison         3
   d - Ice Form                       Ice/Transmutation            4
   e - Blade Hands                    Transmutation                5
   Trog disapproves of the use of such an item.
Comestibles
 c - 8 rations


   Skills:
 + Level 5.0 Fighting
 + Level 5.7 Axes
 + Level 2.3 Armour
 + Level 3.6 Dodging
 + Level 1.6 Stealth


You had 6 spell levels left.
You didn't know any spells.

Dungeon Overview and Level Annotations

Branches:
Dungeon (5/15)
 Temple: D:4-7

Altars:
Hepliaklqana
Okawaru
Yredelemnul


Innate Abilities, Weirdness & Mutations

You are resistant to torment.
Your stone body is resilient. (AC +4)
You are immune to poison.
You resist negative energy. (rN+)
You are resistant to electric shocks. (rElec)
You can survive without breathing.
You are immune to petrification.
You are immune to rotting.


Message History

The hound misses you. The hound closely misses you.
You miss the hound.
The hound is lightly wounded.
The hound misses you. x2; The hound closely misses you.
You hit the hound.
The hound is heavily wounded.
The hound barely misses you. x2
You barely miss the hound.
The hound is heavily wounded.
The hound misses you. The hound bites you but does no damage.
You hit the hound but do no damage.
The hound is heavily wounded.
The hound bites you.
* * * LOW HITPOINT WARNING * * *
The hound closely misses you. The hound bites you.
* * * LOW HITPOINT WARNING * * *
You barely miss the hound.
The hound is heavily wounded.
The hound barely misses you. The hound bites you.
You die...

########
#......####.
####...........
#...<.h@)..#
#.##..####.....
#...# #.. #.#.#
#.#.# #.#.#
....# ....#


You could see a hound.

Vanquished Creatures
  Eustachio (D:4)
  Edmund (D:5)
  An ogre (D:4)
  Blork the orc (D:4)
  An orc priest (D:3)
  Jessica (D:2)
  A worker ant (D:4)
  6 adders
  2 oozes
  3 worms
  4 dart slugs
  2 leopard geckos
  9 orcs
  7 giant cockroaches
  7 goblins
  12 hobgoblins
  12 kobolds
  3 quokkas
  A ball python (D:4)
  6 bats
  3 frilled lizards (D:3)
  7 rats
91 creatures vanquished.

Notes
Turn   | Place    | Note
-------+----------+-------------------------------------------
     0 | D:1      | Fang the Gargoyle Berserker began the quest for the Orb.
     0 | D:1      | Reached XP level 1. HP: 14/14 MP: 1/1
    76 | D:1      | Reached XP level 2. HP: 15/19 MP: 2/2
   276 | D:1      | Reached XP level 3. HP: 24/24 MP: 3/3
   369 | D:1      | Reached ** piety under Trog
   945 | D:2      | Reached XP level 4. HP: 7/29 MP: 4/4
  1494 | D:2      | Noticed Jessica
  1497 | D:2      | Found an iron altar of Okawaru.
  1502 | D:2      | Killed Jessica
  1606 | D:2      | Reached XP level 5. HP: 29/33 MP: 5/5
  1688 | D:2      | Found a hazy altar of Hepliaklqana.
  2162 | D:3      | Reached *** piety under Trog
  2520 | D:4      | Noticed an ogre
  2528 | D:4      | Killed an ogre
  2528 | D:4      | Reached XP level 6. HP: 24/39 MP: 6/6
  2713 | D:4      | Reached skill level 1 in Stealth
  3002 | D:4      | Noticed Eustachio
  3012 | D:4      | Killed Eustachio
  3012 | D:4      | Reached skill level 5 in Axes
  3012 | D:4      | Reached XP level 7. HP: 44/44 MP: 7/7
  3160 | D:4      | Found a basalt altar of Yredelemnul.
  3361 | D:4      | Noticed Blork the orc
  3375 | D:4      | Killed Blork the orc
  3524 | D:5      | Entered Level 5 of the Dungeon
  3524 | D:5      | Noticed Edmund
  3540 | D:5      | Killed Edmund
  3540 | D:5      | Reached skill level 5 in Fighting
  3548 | D:5      | Slain by a hound

Skill      XL: |  1  2  3  4  5  6  7 |
---------------+----------------------+-----
Axes           | 3 4 5 |  5.7
Dodging        | 2 3 |  3.6
Fighting       | 4 5 |  5.0
Stealth        | 1 |  1.6
Armour         | |  2.3

Action                   |  1- 3 |  4- 6 |  7- 9 || total
-------------------------+-------+-------+-------++-------
Melee: Hand axe          |   121 |   193 |    34 ||   348
Invok: Berserk           |     1 |     4 |     2 ||     7
 Stab: Sleeping          |       |     1 |       ||     1
  Eat: Chunk             |     1 |    10 |     2 ||    13
       Ration            |       |       |     1 ||     1
Armor: Animal skin       |    41 |    67 |     7 ||   115
Dodge: Dodged            |    71 |   120 |    23 ||   214
